 Dungeon Crawl Stone Soup version 0.32-a0-543-gefe97123c3 (webtiles) character file.

Game seed: 4075389133422689647

924 Ladon the Scratcher (level 7, 0/55 HPs)
             Began as a Felid Shapeshifter on Feb 28, 2024.
             Incinerated by a bombardier beetle (2 damage)
             ... with a burning spray
             ... on level 5 of the Dungeon on Feb 29, 2024.
             The game lasted 00:07:11 (3726 turns).

Ladon the Scratcher (Felid Shapeshifter)            Turns: 3726, Time: 00:07:12

Health: 0/55       AC: 23    Str: 10    XL:     7   Next: 84%
Magic:  8/8        EV:  4    Int: 13    God:
Gold:   213        SH:  0    Dex: 18    Spells: 6/6 levels left
                                        Lives:  0   Deaths: 3

rFire   + .          .
                       - Unarmed
rCold   . . .        (shield unavailable)
rNeg    . . .        (body armour unavailable)
rPois   +            (helmet unavailable)
rElec   .            (cloak unavailable)
rCorr   .            (gloves unavailable)
SInv    +            (boots unavailable)
Will    ++...        (no amulet)
Stlth   ++           t - ring of protection from fire
HPRegen 0.29/turn    (no ring)
MPRegen 0.11/turn

%: no passive effects
@: on fire, tree-form, enlightened, glowing
A: stationary, stasis, torment immunity, boosted hp, very small, (claws 1),
(fangs 3), see invisible, (shaggy fur 2), (stealthy paws), no weapons or thrown
items, no armour, multi-lived
a: no special abilities


You were on level 5 of the Dungeon.
You were a tree.
You visited 1 branch of the dungeon, and saw 5 of its levels.

You collected 249 gold pieces.
You spent 36 gold pieces at shops.

Inventory:

Jewellery
 t - a ring of protection from fire (left branch)
Talismans
 b - a beast talisman (active)
 c - a flux talisman
 m - a storm talisman
Wands
 q - a wand of flame (5)
 u - a wand of digging (4)
Scrolls
 d - 3 scrolls of poison {unknown}
 e - 2 scrolls of silence {unknown}
 g - 3 scrolls of enchant weapon {unknown}
 h - a scroll of amnesia {unknown}
 k - 5 scrolls of identify {unknown}
 n - 2 scrolls of revelation {unknown}
 p - 2 scrolls of vulnerability {unknown}
 r - a scroll of acquirement {unknown}
 s - a scroll of blinking {unknown}
Potions
 a - 2 potions of lignification
 f - a potion of enlightenment
 i - a potion of heal wounds {unknown}
 j - 2 potions of curing {unknown}
 l - a potion of berserk rage {unknown}
 o - a potion of might {unknown}


   Skills:
 * Level 4.1 Fighting
 + Level 4.4 Dodging
 + Level 5.3 Stealth
 + Level 6.2 Unarmed Combat
 + Level 3.7 Shapeshifting


You had 6 spell levels left.
You didn't know any spells.
Your spell library contained the following spells:

 Spells                   Type           Power      Damage    Failure   Level
 Vhi's Electric Charge    Tloc/Air       0%         N/A       97%         4
 Arcjolt                  Conj/Air       0%         1d10      100%        5
 Maxwell's Capacitive Co  Air            0%         ∞         100%        8


Dungeon Overview and Level Annotations

Branches:
Dungeon (5/15)
 Temple: D:4-7

Altars:
Trog

Shops:
D:2 *


Innate Abilities, Weirdness & Mutations

You are a tree.
Your roots penetrate the ground, keeping you stationary.
You cannot be teleported.
You are immune to unholy pain and torment.
Your maximum health is greatly increased.
((You have sharp claws.))
((You have razor-sharp teeth.))
You have supernaturally acute eyesight. (SInv)
((You are covered in thick fur. (AC +2)))
((Your paws help you pounce on unaware monsters.))
You are incapable of wielding weapons or throwing items.
You cannot wear armour.
You gain extra lives every three experience levels.


Message History

Edmund hits you with a +3 flail of holy wrath!
You scratch Edmund but do no damage.
Edmund is moderately wounded.
The bombardier beetle waves its antennae.
Edmund hits you with a +3 flail of holy wrath.
You scratch Edmund but do no damage.
Edmund is moderately wounded.
You claw Edmund!
Edmund is heavily wounded.
Edmund misses you.
You scratch Edmund. You bite Edmund.
Edmund is severely wounded.
Edmund barely misses you.
You scratch Edmund. You bite Edmund.
Edmund is almost dead.
Edmund closely misses you.
You scratch Edmund but do no damage.
Edmund is almost dead.
Edmund hits you with a +3 flail of holy wrath!
* * * LOW HITPOINT WARNING * * *
Your transformation has ended.
You turn into a tree.
Your roots penetrate the ground.
Edmund zaps a wand.
The puff of flame hits you. You resist.
* * * LOW HITPOINT WARNING * * *
You smack Edmund!
You kill Edmund!
Your Fighting skill increases to level 4!
You hit the bombardier beetle but do no damage.
The bombardier beetle bites you but does no damage.
You completely miss the bombardier beetle.
The bombardier beetle sprays incendiary fluid at you.
The burning spray hits you.
You are covered in liquid fire!
You hit the bombardier beetle.
The bombardier beetle is moderately wounded.
The liquid fire burns you!
* * * LOW HITPOINT WARNING * * *
It was a potion of enlightenment.
Your roots keep you in place.
The liquid fire burns you!
You die...

##### ########## #<<.#
#........#
#.#.####........#
...#........).[?.##.###
#.#.######......♣.......
#...# #.######B###.#. .
.[. .... ... #....
###.## ###.. .<.# #.. .#
#.. # #.#


You could see a bombardier beetle.

Vanquished Creatures
  Sigmund (D:2)
  Edmund (D:5)
  A water moccasin (D:4)
  A bullfrog (D:4)
  A scorpion (D:4)
  2 hounds (D:4)
  2 bombardier beetles
  An orc priest (D:4)
  Ijyb (D:3)
  A sleepcap (D:4)
  3 orc wizards
  3 gnolls (D:4)
  2 adders
  4 dart slugs
  2 ribbon worms
  9 orcs
  8 ball pythons
  7 bats
  10 endoplasms
  3 giant cockroaches (D:1)
  6 goblins
  5 hobgoblins
  5 quokkas
  2 frilled lizards (D:2)
  5 kobolds
  2 rats (D:1)
88 creatures vanquished.

Notes
Turn   | Place    | Note
-------+----------+-------------------------------------------
     0 | D:1      | Ladon the Felid Shapeshifter began the quest for the Orb.
     0 | D:1      | Reached XP level 1. HP: 10/10 MP: 2/2
   180 | D:1      | Reached XP level 2. HP: 14/14 MP: 3/3
   978 | D:2      | Reached XP level 3. HP: 16/18 MP: 4/4
  1097 | D:2      | Found Maepafru's Assorted Antiques.
  1135 | D:2      | Bought a scroll labelled ITRYKHL AHOD for 18 gold pieces
  1136 | D:2      | Bought a scroll labelled LELEKHY DIRAB for 18 gold pieces
  1409 | D:2      | Noticed Sigmund
  1416 | D:2      | Slain by Sigmund
  1416 | D:2      | Lost a life (0 lives remaining)
  1436 | D:2      | Killed Sigmund
  1437 | D:2      | Reached skill level 4 in Unarmed Combat
  1437 | D:2      | Reached XP level 4. HP: 9/23 MP: 5/5
  1437 | D:2      | Gained a life (1 life remaining)
  1437 | D:2      | Reached XP level 5. HP: 11/27 MP: 6/6
  2026 | D:3      | Gained mutation: You are covered in thick fur. (AC +2)
                  | [Felid growth]
  2026 | D:3      | Reached XP level 6. HP: 29/32 MP: 7/7
  2135 | D:3      | Slain by an orc
  2135 | D:3      | Lost a life (0 lives remaining)
  2271 | D:3      | Noticed Ijyb
  2292 | D:3      | Killed Ijyb
  2293 | D:3      | Reached skill level 5 in Unarmed Combat
  2547 | D:3      | Identified the +3 ring mail "Jusm" {Fly rElec Dex+2}
  2828 | D:3      | Found a faded altar of an unknown god.
  3184 | D:4      | Reached XP level 7. HP: 36/36 MP: 8/8
  3184 | D:4      | Gained a life (1 life remaining)
  3389 | D:4      | Identified the +0 ring mail of Protective Custody {rElec
                  | Str-2 Int+2 SInv}
  3479 | D:4      | Killed from afar by an orc priest
  3479 | D:4      | Lost a life (0 lives remaining)
  3480 | D:4      | Upgraded the game from 0.32-a0-534-ga61f84b8bd to
                  | 0.32-a0-543-gefe97123c3
  3498 | D:4      | Found a bloodstained altar of Trog.
  3504 | D:4      | Reached skill level 6 in Unarmed Combat
  3689 | D:5      | Entered Level 5 of the Dungeon
  3703 | D:5      | Reached skill level 5 in Stealth
  3705 | D:5      | Noticed Edmund
  3720 | D:5      | Killed Edmund
  3725 | D:5      | HP: 2/55 [burnt (2)]
  3726 | D:5      | Incinerated by a bombardier beetle

Illustrated notes

Levels and vault maps discovered:
D:1:      eino_arrival_cavern_a, layout_basic
D:2:      layout_basic, serial_shops, nicolae_diamond_shop, uniq_sigmund
D:3:      layout_loops_corners, dreamdust_ecumenical_altar_angels_and_demons,
          minmay_misc_feat_doors, uniq_ijyb
D:4:      layout_basic, nicolae_overflow_hidden_temple
D:5:      layout_basic, grunt_temple_overflow_octagram, uniq_edmund

Skill      XL: |  1  2  3  4  5  6  7 |
---------------+----------------------+-----
Shapeshifting  | 3 |  3.7
Fighting       | 2 3 4 |  4.1
Dodging        | 3 4 |  4.4
Stealth        | 2 3 5 |  5.3
Unarmed Combat | 4 5 6 |  6.2

Action                     |  1- 3 |  4- 6 |  7- 9 || total
---------------------------+-------+-------+-------++-------
  Melee: Unarmed           |    75 |   112 |    55 ||   242
         Bite              |     8 |     9 |     8 ||    25
         Punch             |       |     7 |     1 ||     8
    Use: Scroll            |     1 |       |       ||     1
         Potion            |       |       |     2 ||     2
   Stab: Sleeping          |     3 |     8 |     3 ||    14
         Distracted        |       |     1 |       ||     1
 Armour: Skin              |    22 |    36 |    25 ||    83
  Dodge: Dodged            |    46 |    82 |    41 ||   169
         Repelled          |     2 |       |       ||     2

Table legend: (Time is in decaauts)
 A = Elapsed time spent in this place.
 B = Non-inter-level travel time spent in this place.
 C = Inter-level travel time spent in this place.
 D = Time resting spent in this place.
 E = Time spent auto-exploring this place.
 F = Levels seen in this place.
 G = Mean time per level.
                   A        B        C        D        E       F      G
               +--------+--------+--------+--------+--------+-----+--------+
         Total |   3702 |   3636 |     66 |      0 |   3001 |   5 |  740.4 |
       Dungeon |   3702 |   3636 |     66 |      0 |   3001 |   5 |  740.4 |
               +--------+--------+--------+--------+--------+-----+--------+

Top non-repeatable levels by time:
     D:3: 1007 daAuts
     D:2: 983 daAuts
     D:1: 921 daAuts
     D:4: 756 daAuts
     D:5: 34 daAuts
